 Dungeon Sprint DCSS version 0.29-a0-925-g0a7a3d12f8 (webtiles) character file.

Game seed: 13713152416973696844

2697 Hipnos the Fighter (level 9, -6/68 HPs)
             Began as a Gargoyle Chaos Knight on July 28, 2022.
             Was a Plaything of Xom.
             Killed from afar by a crystal guardian (38 damage)
             ... with a crystal bolt
             ... in the Dungeon (Sprint II: "The Violet Keep of Menkaure").
             The game lasted 00:09:42 (1526 turns).

Hipnos the Fighter (Gargoyle Chaos Knight)          Turns: 1526, Time: 00:09:44

Health: -6/68      AC: 23    Str: 22      XL:     9   Next: 65%
Magic:  9/9        EV:  8    Int: 15 (16) God:    Xom [...*..]
Gold:   231        SH:  0    Dex:  8 (9)  Spells: 8/8 levels left

rFire   . . .      SeeInvis .   j - +10 mace "Zaehaump" {vorpal, Drain Will+ Str+2 Int+3}
rCold   + . .      Faith    .   (no shield)
rNeg    + . .      Spirit   .   h - +3 plate armour {rC+}
rPois   ∞          Reflect  .   (no helmet)
rElec   +          Harm     .   (no cloak)
rCorr   .          Rampage  .   (no gloves)
Will    +....      Rage     3%  (no boots)
Stlth   .......... NoTele   +   (no amulet)
HPRegen 0.21/turn               i - ring of flight
MPRegen 0.11/turn               (no ring)

@: flying
A: sickness immunity, AC +6, negative energy resistance 1, electricity
resistance, torment resistance 1, petrification resistance, berserk 1,
deterioration 1
a: Renounce Religion


You were in the Dungeon.
You worshipped Xom.
You were a favourite toy of Xom.
You visited 1 branch You collected 1053 gold pieces.
You spent 822 gold pieces at shops.

Inventory:

Hand Weapons
 a - a +0 mace of chaos
 j - the +10 mace "Zaehaump" (weapon) {vorpal, Drain Will+ Str+2 Int+3}
   (You found it in the Dungeon)

   It inflicts extra damage upon your enemies.
   Str:       It affects your strength (+2).
   Int:       It affects your intelligence (+3).
   Drain:     It drains your maximum health when unequipped.
   Will:      It increases your willpower.
Armour
 b - a +2 leather armour
 h - a +3 plate armour of cold resistance (worn)
Jewellery
 i - a ring of flight (left hand)
Potions
 d - a potion of curing
 e - a potion of heal wounds
 f - a potion of haste
 g - 2 potions of magic
Miscellaneous
 c - a piece from Xom's chessboard (12/15) (quivered)


   Skills:
 + Level 13.7 Fighting
 + Level 12.8 Maces & Flails
 + Level 9.6 Armour
 + Level 4.6 Dodging
 * Level 7.8 Evocations


You had 8 spell levels left.
You didn't know any spells.
Your spell library was empty.

Dungeon Overview and Level Annotations

Branches:
Dungeon (1/1)

Altars:
Cheibriados
Dithmenos
Elyvilon
Fedhas
Gozag
Hepliaklqana
Kikubaaqudgha
Makhleb
Nemelex Xobeh
Okawaru
Qazlal
Ru
Sif Muna
Trog
Uskayaw
Vehumet
Wu Jian
Xom
Yredelemnul
Zin
The Shining One
Jiyva
Lugonu

Shops:
D ?=:**[!!!((=:([

Annotations:
D exclusions: oklob plant and orange crystal statue, Roxanne


Innate Abilities, Weirdness & Mutations

You are immune to sickness and miasma.
Your stone body is resilient. (AC +6)
You are immune to poison.
You resist negative energy. (rN+)
You are resistant to electric shocks. (rElec)
You are resistant to unholy torment.
You are immune to petrification.
You sometimes lose your temper in combat.
Your body sometimes deteriorates upon taking damage.


Message History

You make a move on Xom's chessboard...
The crystal guardian flickers and vanishes!
You make a move on Xom's chessboard...
The death drake seems to speed up.
The death drake fails to trigger a net trap.
The death drake bites you.
You make a move on Xom's chessboard...
The death drake seems to grow stronger.
The death drake completely misses you. The death drake barely misses you.
You closely miss the death drake.
The death drake bites you but does no damage.
The death drake bites you.
You sock the death drake!
The death drake is lightly wounded.
The death drake bites you.
You sock the death drake!
The death drake is moderately wounded.
The death drake bites you but does no damage.
The swamp drake breathes poison at you.
The noxious blast engulfs the swamp drake but does no damage.
The death drake bites you but does no damage.
The swamp drake roars!
You sock the death drake!
The death drake is heavily wounded.
The death drake bites you!
Your body deteriorates!
You feel clumsy.
A crystal bolt appears from out of thin air!
The crystal bolt freezes you! You resist.
Your body deteriorates!
You feel dopey. The crystal bolt misses you.
The crystal bolt freezes something.
You hit the death drake but do no damage.
The death drake is heavily wounded.
The death drake bites you but does no damage.
The death drake bites you. Something hits you but does no damage.
You thump the death drake!
The death drake is severely wounded.
The death drake bites you but does no damage.
A crystal bolt appears from out of thin air!
The crystal bolt burns you!!!
Ouch! That really hurt!
You die...
Xom titters!

......# .. .# #+## #. k
.#†## ## +.##. .##.# .#
...#### ..#####..##
#°°##.# #'###B##..#
+°°#).# #.##.#.#..#
#°k#††#
.<.'##.'..####kk##.#
#.###..#....###{@.##▓▓▓
#'###.##......≈≈≈≈≈≈≈≈≈≈≈
.#.####≈≈.....≈#'########
.#..#≈≈≈≈≈§§..≈#..._._._#
.#.##≈≈≈§§§≈≈.≈#_._._._.#
#'##≈≈≈§≈§§≈≈≈≈#._._._._#
≈≈≈≈≈≈§≈≈§§§≈≈≈#_._._._.#
+#+++#§§≈§§≈≈≈≈#._._._..#
SS≈≈ ##§§§###≈≈#_._._..


You could see a death drake (fast, strong) and 2 swamp drakes.

Vanquished Creatures
  A boulder beetle (D)
  A cyclops (D)
  3 polar bears (D)
  A hornet (D)
  4 neqoxecs (D)
  A water moccasin (D)
  4 necrophages (D)
  A scorpion (D)
  3 worms (D)
19 creatures vanquished.

Vanquished Creatures (others)
  Menkaure (D)
  A water moccasin (D)
2 creatures vanquished.

Grand Total: 21 creatures vanquished

Notes
Turn   | Place    | Note
-------+----------+-------------------------------------------
     0 | D        | Hipnos the Gargoyle Chaos Knight began the quest for the
                  | Orb.
     0 | D        | Reached XP level 1. HP: 14/14 MP: 1/1
     1 | D        | Noticed a necrophage
     1 | D        | Noticed a necrophage
     1 | D        | Noticed a necrophage
     1 | D        | Noticed a necrophage
     5 | D        | Killed a necrophage
     6 | D        | Reached skill level 6 in Fighting
     6 | D        | Reached skill level 5 in Maces & Flails
     6 | D        | Reached skill level 1 in Dodging
     6 | D        | Reached XP level 2. HP: 23/23 MP: 2/2
     6 | D        | Reached XP level 3. HP: 28/28 MP: 3/3
     6 | D        | Reached XP level 4. HP: 32/32 MP: 4/4
     8 | D        | Killed a necrophage
     9 | D        | Reached skill level 7 in Fighting
     9 | D        | Reached XP level 5. HP: 38/38 MP: 5/5
    11 | D        | XOM: potion effect (brilliance)
    13 | D        | XOM: potion effect (invisibility)
    14 | D        | Reached skill level 8 in Fighting
    28 | D        | Reached skill level 9 in Fighting
    28 | D        | Reached skill level 5 in Armour
    28 | D        | Reached XP level 6. HP: 33/46 MP: 6/6
    41 | D        | Killed a water moccasin
    99 | D        | XOM: silly message
   106 | D        | Noticed a neqoxec
   106 | D        | Gained mutation: You sometimes lose your temper in combat.
                  | [a neqoxec]
   115 | D        | Killed a neqoxec
   116 | D        | Reached skill level 10 in Fighting
   118 | D        | Noticed a neqoxec
   118 | D        | Noticed a neqoxec
   121 | D        | Noticed a neqoxec
   126 | D        | XOM: enchant monster (bad)
   133 | D        | Killed a neqoxec
   134 | D        | Reached skill level 10 in Maces & Flails
   134 | D        | Reached XP level 7. HP: 24/53 MP: 7/7
   136 | D        | XOM: confuse monster(s)
   145 | D        | Killed a neqoxec
   150 | D        | Killed a neqoxec
   151 | D        | Reached skill level 11 in Fighting
   271 | D        | Killed Menkaure
   380 | D        | XOM: summons 3 hostile shadow creatures
   426 | D        | Noticed a boulder beetle
   426 | D        | Noticed a boulder beetle
   615 | D        | Noticed an orange crystal statue
   633 | D        | Found Koge's Book Emporium.
   633 | D        | Found Xesin's Distillery.
   633 | D        | Found Qoepitad's Antique Armour Emporium.
   633 | D        | Found Oleaq's Weapon Shoppe.
   633 | D        | Found Rionaa's Jewellery Shoppe.
   633 | D        | Found Louh Asiog's Weapon Shoppe.
   634 | D        | Found Asy Voon's Antique Weapon Emporium.
   634 | D        | Found Pimoukhle's Distillery.
   635 | D        | Found Buoj's Distillery.
   635 | D        | Found Seddykla's Antique Armour Emporium.
   637 | D        | Found Potikant's General Store.
   637 | D        | Found Meweskah's General Store.
   637 | D        | Noticed an oklob plant
   639 | D        | Noticed a shining eye
   642 | D        | Noticed a shining eye
   644 | D        | Reached XP level 8. HP: 52/60 MP: 8/8
   644 | D        | Found Xiri's Jewellery Shoppe.
   644 | D        | Found Muroinus's Book Shoppe.
   644 | D        | Found Tyit Bou's Magic Scroll Emporium.
   663 | D        | Noticed a fire dragon
   666 | D        | Bought a +3 plate armour of cold resistance for 630 gold
                  | pieces
  1038 | D        | Bought a ring of flight for 192 gold pieces
  1049 | D        | Noticed a shining eye
  1077 | D        | Identified Roxanne's Cyclopedia of Silt
  1077 | D        | Noticed Roxanne
  1081 | D        | Found a stormy altar of Qazlal.
  1081 | D        | Found a sacrificial altar of Ru.
  1081 | D        | Found a shimmering blue altar of Sif Muna.
  1081 | D        | Found a hazy altar of Hepliaklqana.
  1081 | D        | Found a viscous altar of Jiyva.
  1084 | D        | Identified the +10 mace "Zaehaump" {vorpal, Drain Will+
                  | Str+2 Int+3}
  1088 | D        | Found a snail-covered altar of Cheibriados.
  1088 | D        | Found an ancient bone altar of Kikubaaqudgha.
  1088 | D        | Found an ornate altar of the Wu Jian Council.
  1088 | D        | Found a shimmering altar of Xom.
  1088 | D        | Found a bloodstained altar of Trog.
  1088 | D        | Found a glowing golden altar of the Shining One.
  1088 | D        | Found a basalt altar of Yredelemnul.
  1186 | D        | XOM: give mutation
  1186 | D        | Gained mutation: Your body sometimes deteriorates upon
                  | taking damage. [Xom's mischief]
  1324 | D        | Found a glowing silver altar of Zin.
  1325 | D        | Found a hide-covered altar of Uskayaw.
  1325 | D        | Found a corrupted altar of Lugonu.
  1325 | D        | Found a shadowy altar of Dithmenos.
  1326 | D        | Found a radiant altar of Vehumet.
  1326 | D        | Found a burning altar of Makhleb.
  1326 | D        | Found a white marble altar of Elyvilon.
  1327 | D        | Found a sparkling altar of Nemelex Xobeh.
  1327 | D        | Found a blossoming altar of Fedhas.
  1328 | D        | Found an iron altar of Okawaru.
  1328 | D        | Found an opulent altar of Gozag.
  1329 | D        | Noticed a yaktaur
  1329 | D        | Noticed a hornet
  1329 | D        | Noticed a polar bear
  1329 | D        | Noticed a polar bear
  1339 | D        | Killed a polar bear
  1340 | D        | Reached skill level 12 in Fighting
  1340 | D        | Reached skill level 5 in Evocations
  1340 | D        | Noticed a polar bear
  1341 | D        | Noticed a swamp dragon
  1341 | D        | a yaktaur changed into a swamp dragon
  1341 | D        | XOM: polymorph yaktaur -> swamp dragon
  1342 | D        | XOM: chaos cloud
  1343 | D        | Noticed a cyclops
  1343 | D        | a swamp dragon changed into a cyclops
  1343 | D        | XOM: polymorph swamp dragon -> cyclops
  1344 | D        | Killed a polar bear
  1344 | D        | XOM: summons 5 friendly demons
  1348 | D        | Killed a polar bear
  1352 | D        | Killed a cyclops
  1353 | D        | Reached XP level 9. HP: 67/67 MP: 9/9
  1356 | D        | Killed a hornet
  1357 | D        | Reached skill level 13 in Fighting
  1363 | D        | Killed a boulder beetle
  1515 | D        | Noticed a death drake
  1516 | D        | Noticed a death drake
  1516 | D        | Noticed a crystal guardian
  1526 | D        | Killed from afar by a crystal guardian

Illustrated notes

Levels and vault maps discovered:
D:        the_violet_keep_of_menkaure [sprint2_stairs_cluster_1,
          sprint2_shoproom, sprint2_temple, sprint2_basic_supplies,
          sprint2_obstacle_7, sprint2_obstacle_6, sprint2_obstacle_4,
          sprint2_obstacle_1, sprint2_obstacle_2, sprint2_timed_cluster_1,
          sprint2_smallroom_cluster_1, sprint2_smallroom_final_cluster_1,
          sprint2_transparent_cluster_1, sprint2_second_timed_cluster_1,
          sprint2_sniper_area_1, sprint2_heavy_combat_area_1,
          sprint2_mutation_trap_area_1, sprint2_forest_area_1,
          sprint2_light_combat_area_1, sprint2_behind_water_1,
          sprint2_near_end_vault_1]

Skill      XL: |  1  2  3  4  5  6  7  8  9 |
---------------+----------------------------+-----
Fighting       | 6 7 9 10 11 12 13 | 13.7
Maces & Flails | 5 7 8 10 11 12 | 12.8
Armour         | 3 4 5 6 8 9 |  9.6
Dodging        | 1 2 4 |  4.6
Evocations     | 3 4 6 7 |  7.8

Action                   |  1- 3 |  4- 6 |  7- 9 || total
-------------------------+-------+-------+-------++-------
Melee: Mace              |     3 |    37 |    96 ||   136
Evoke: Piece from Xom's  |       |     4 |    12 ||    16
  Use: Potion            |     1 |       |       ||     1
       Scroll            |       |       |     1 ||     1
 Stab: Paralysed         |       |       |     3 ||     3
Armor: Leather armour    |       |    16 |    10 ||    26
       Plate armour      |       |       |    49 ||    49
Dodge: Dodged            |     1 |     7 |    29 ||    37

Table legend: (Time is in decaauts)
 A = Elapsed time spent in this place.
 B = Non-inter-level travel time spent in this place.
 C = Inter-level travel time spent in this place.
 D = Time resting spent in this place.
 E = Time spent auto-exploring this place.
 F = Levels seen in this place.
 G = Mean time per level.
                   A        B        C        D        E       F      G
               +--------+--------+--------+--------+--------+-----+--------+
         Total |   1535 |   1535 |      0 |   1060 |      0 |   1 | 1535.0 |
       Dungeon |   1535 |   1535 |      0 |   1060 |      0 |   1 | 1535.0 |
               +--------+--------+--------+--------+--------+-----+--------+

Top non-repeatable levels by time:
       D: 1535 daAuts
